 Seeded DCSS version 0.32-a0-411-g744942f433 (webtiles) character file.

Game seed: 9488276093134209384 (custom seed)

2375 CougarLife the Geomancer (level 9, -1/45 HPs)
             Began as a Gargoyle Earth Elementalist on Feb 21, 2024.
             Slain by Duvessa
             ... wielding a +1 rapier of speed
              (15 damage)
             ... on level 6 of the Dungeon.
             The game lasted 00:10:10 (6646 turns).

CougarLife the Geomancer (GrEE)                     Turns: 6646, Time: 00:10:10

Health: -1/45      AC:  9    Str: 12    XL:     9   Next: 45%
Magic:  16/19      EV: 11    Int: 20    God:
Gold:   397        SH:  0    Dex: 10    Spells: 17/21 levels left

rFire   . . .        t - +6 shillelagh "Devastator" {shatter}
rCold   . . .        (no shield)
rNeg    + . .        a - +0 robe
rPois   ∞            j - +0 helmet
rElec   +            (no cloak)
rCorr   .            (no gloves)
SInv    .            (no boots)
Will    +....        l - amulet of the acrobat
Stlth   ++           w - ring of willpower
HPRegen 0.27/turn    (no ring)
MPRegen 0.16/turn

%: acrobat
@: no status effects
A: sickness immunity, AC +6, negative energy resistance 1, electricity
resistance, torment resistance 1, petrification resistance
a: no special abilities


You were on level 6 of the Dungeon.
You visited 1 branch of the dungeon, and saw 6 of its levels.
You also visited: Sewer.

You collected 397 gold pieces.

Inventory:

Hand Weapons
 t - the +6 shillelagh "Devastator" (weapon) {shatter}
   (You found it on level 4 of the Dungeon)
Armour
 a - a +0 robe (worn)
 j - a +0 helmet (worn)
Jewellery
 l - an amulet of the acrobat (around neck)
 w - a ring of willpower (left hand)
Wands
 u - a wand of roots (9)
Scrolls
 c - a scroll of torment {unknown}
 e - 4 scrolls of teleportation {unknown}
 f - a scroll of revelation {unknown}
 h - 4 scrolls of identify {unknown}
 n - 2 scrolls of amnesia {unknown}
 o - a scroll of brand weapon {unknown}
 p - 2 scrolls of enchant weapon {unknown}
 r - a scroll of noise {unknown}
 s - 2 scrolls of blinking {unknown}
 v - a scroll of immolation {unknown}
 x - a scroll of fog {unknown}
 y - a scroll of enchant armour {unknown}
 z - a scroll of acquirement {unknown}
Potions
 b - a potion of magic
 d - a potion of might {unknown}
 g - 2 potions of heal wounds {unknown}
 i - 2 potions of invisibility {unknown}
 k - a potion of haste {unknown}
 m - a potion of berserk rage {unknown}
 q - a potion of mutation {unknown}


   Skills:
 - Level 1.5 Dodging
 - Level 2.1 Stealth
 + Level 6.9 Spellcasting
 + Level 7.8 Conjurations
 + Level 9.3 Earth Magic


You had 17 spell levels left.
You knew the following spells:

 Your Spells              Type           Power      Damage    Failure   Level
a - Sandblast             Erth           88%        2d18      1%          1
b - Stone Arrow           Conj/Erth      82%        3d12      1%          3

Your spell library contained the following spells:

 Spells                   Type           Power      Damage    Failure   Level
 Passwall                 Erth           44%        N/A       1%          3
 Brom's Barrelling Bould  Conj/Erth      41%        2d6       2%          4
 Lee's Rapid Deconstruct  Erth           22%        3d12*     6%          5
 Animate Armour           Summ/Erth      50%        N/A       14%         4
 Petrify                  Alch/Erth      25%        N/A       14%         4
 Summon Lightning Spire   Summ/Air       6%         N/A       67%         4


Dungeon Overview and Level Annotations

Branches:
Dungeon (6/15)             Temple (0/1) D:5           Sewer (visited)

Altars:
Okawaru
Ru
Sif Muna
Yredelemnul

Shops:
D:2 *

Annotations:
D:6 Duvessa


Innate Abilities, Weirdness & Mutations

You are immune to sickness and miasma.
Your stone body is resilient. (AC +6)
You are immune to poison.
You resist negative energy. (rN+)
You are resistant to electric shocks. (rElec)
You are resistant to unholy torment.
You are immune to petrification.


Message History

You start waiting.
Dowan is nearby!
Duvessa, Sister of Dowan comes into view.
She is wielding a +1 rapier of speed.
Dowan shouts!
Duvessa shouts!
You see here an adder corpse.
Dowan gestures wildly while chanting.
Dowan blinks!
Things that are here:
a +0 falchion; a +0 leather armour; a wand of flame (6) Dowan casts a spell at you.
The puff of flame misses you.
You barely miss Dowan. Dowan hits you with a +0 dagger.
You completely miss Dowan. Dowan gestures at you while chanting.
The puff of frost hits you but does no damage.
You closely miss Dowan. Dowan closely misses you. Dowan misses you.
You barely miss Dowan. Dowan misses you.
You thump Dowan!
Dowan and Duvessa shudder.
You kill Dowan!
Duvessa weeps, and shakes her weapon.
Duvessa goes berserk!
Duvessa is moderately wounded.
Duvessa barely misses you.
You hit Duvessa but do no damage.
Duvessa is moderately wounded.
Duvessa hits you but does no damage. Duvessa barely misses you.
Duvessa hits you with a +1 rapier of speed!
You closely miss Duvessa.
Duvessa is moderately wounded.
Duvessa hits you with a +1 rapier of speed.
Duvessa barely misses you. x2
Casting: Stone Arrow (safe; 1% risk of failure)
Confirm with . or Enter, or press ? or * to list all spells.
Aiming: Stone Arrow (safe; 1% risk of failure)
Press: ? - help, Shift-Dir - straight line, f - Duvessa
Aim: Duvessa, wielding a +1 rapier of speed and wearing a +0 ring mail (moderately wounded, berserk, 82% to hit)
The stone arrow hits Duvessa!
Duvessa is heavily wounded.
Duvessa hits you with a +1 rapier of speed! x2
You die...

#.?..# ##.#
.#.##....###...#
.............#
......§..†)##
.........#..#
#........##.##
#...e....##..#
.....(...###e#
.........# #@#
#.....#### #.# #...#..#
#.# ...#.## #.# ## .
...... #.##....
#....####.#..##. #
#..#............#
....####.##...#......##
#..........#...#.##...


You could see Duvessa (berserk).

Vanquished Creatures
  Sigmund (D:3)
  A wyvern (D:6)
  Eustachio (D:6)
  Menkaure (D:4)
  2 water moccasins
  A black bear (D:5)
  4 ogres
  2 phantoms
  A centaur (D:5)
  2 brain worms (Sewer)
  A scorpion (D:4)
  Dowan (D:6)
  2 hounds
  A bombardier beetle (D:4)
  An orc priest (D:3)
  Terence (D:3)
  4 orc wizards
  Robin (D:2)
  5 adders
  4 gnolls (D:3)
  9 river rats
  A white imp (D:5)
  2 ufetubi (D:5)
  2 dart slugs
  3 ribbon worms
  14 orcs
  10 ball pythons
  7 bats
  11 endoplasms
  5 giant cockroaches
  9 goblins
  8 hobgoblins
  8 jackals
  5 kobolds
  6 quokkas
  10 frilled lizards
  9 rats
156 creatures vanquished.

Notes
Turn   | Place    | Note
-------+----------+-------------------------------------------
     0 | D:1      | CougarLife the Gargoyle Earth Elementalist began the quest
                  | for the Orb.
     0 | D:1      | Reached XP level 1. HP: 10/10 MP: 3/3
   143 | D:1      | Found a faded altar of an unknown god.
   164 | D:1      | Reached XP level 2. HP: 15/15 MP: 3/5
   248 | D:1      | Reached skill level 4 in Earth Magic
   336 | D:1      | Reached XP level 3. HP: 19/19 MP: 2/6
   823 | D:1      | Learned a level 3 spell: Stone Arrow
   824 | D:2      | Found Recef's General Store.
   866 | D:2      | Reached XP level 4. HP: 24/24 MP: 5/8
   923 | D:2      | Noticed Robin
   945 | D:2      | Killed Robin
  1758 | D:3      | Reached XP level 5. HP: 28/28 MP: 5/9
  1761 | D:3      | Found a glowing drain.
  1770 | Sewer    | Entered a sewer
  1941 | Sewer    | Reached skill level 5 in Earth Magic
  2083 | Sewer    | Reached XP level 6. HP: 26/32 MP: 4/11
  2857 | D:3      | Reached skill level 6 in Earth Magic
  2857 | D:3      | Reached XP level 7. HP: 28/36 MP: 4/13
  3313 | D:3      | Noticed Terence
  3320 | D:3      | Killed Terence
  3381 | D:3      | Noticed Sigmund
  3385 | D:3      | Killed Sigmund
  3386 | D:3      | Reached skill level 5 in Conjurations
  3917 | D:4      | Reached skill level 5 in Spellcasting
  3917 | D:4      | Reached skill level 7 in Earth Magic
  3917 | D:4      | Reached XP level 8. HP: 41/41 MP: 8/15
  4052 | D:4      | Found the +6 shillelagh "Devastator" {shatter}
  4223 | D:4      | Found an iron altar of Okawaru.
  4550 | D:4      | Noticed Menkaure
  4556 | D:4      | Killed Menkaure
  4851 | D:4      | Found a sacrificial altar of Ru.
  4914 | D:4      | Found a shimmering blue altar of Sif Muna.
  5096 | D:5      | Entered Level 5 of the Dungeon
  5384 | D:5      | Found a basalt altar of Yredelemnul.
  5431 | D:5      | Reached skill level 8 in Earth Magic
  5793 | D:5      | Found a staircase to the Ecumenical Temple.
  5912 | D:5      | Reached XP level 9. HP: 45/45 MP: 14/18
  6271 | D:6      | Noticed Eustachio
  6358 | D:6      | Reached skill level 9 in Earth Magic
  6433 | D:6      | Noticed Dowan
  6462 | D:6      | Killed Eustachio
  6625 | D:6      | Noticed Duvessa
  6643 | D:6      | Killed Dowan
  6646 | D:6      | Slain by Duvessa

Illustrated notes

Levels and vault maps discovered:
D:1:      dpeg_arrival_snail, layout_basic, hellmonk_ecumenical_altar_crossroads
D:2:      layout_rooms, serial_aquarium, aquarium_bridge_straight
          [aquarium_subvault_bridge, aquarium_subvault_window,
          aquarium_subvault_bridge, aquarium_subvault_balcony],
          aquarium_window_corridor_2, aquarium_window_1, aquarium_window_1,
          aquarium_view_2d, aquarium_pool_four, serial_shops, shop, uniq_robin
D:3:      layout_loops_ring, gup_sewer_entry_spiral, uniq_terence, uniq_sigmund
D:4:      layout_loops_ring, mainiacjoe_overflow_paths,
          mainiacjoe_overflow_two_lobes, chequers_serial_rivers_large_a,
          dilly_guarded_unrand_devastator, uniq_menkaure
D:5:      black_bear_nest_1, layout_basic, yredelemnul_altar_generic,
          minmay_temple_entry_glassed_door, minmay_gold_behind_fungi,
          serial_bayou_pond_c
D:6:      layout_rooms, nicolae_overflow_hidden_temple, elyvilon_altar_5,
          minmay_pentangle, uniq_duvessa, uniq_eustachio

Skill      XL: |  1  2  3  4  5  6  7  8  9 |
---------------+----------------------------+-----
Earth Magic    | 4 5 6 7 8 9 |  9.3
Conjurations   | 2 3 4 5 7 |  7.8
Spellcasting   | 3 4 5 6 |  6.9
Dodging        | |  1.5
Stealth        | |  2.1

Action                     |  1- 3 |  4- 6 |  7- 9 || total
---------------------------+-------+-------+-------++-------
  Melee: Dagger            |     7 |    98 |     1 ||   106
         Unarmed           |     1 |       |       ||     1
         Shillelagh        |       |       |    36 ||    36
   Cast: Sandblast         |    32 |   100 |   103 ||   235
         Stone Arrow       |       |       |    18 ||    18
   Stab: Sleeping          |       |     1 |       ||     1
 Armour: Robe              |    24 |    66 |    64 ||   154
  Dodge: Dodged            |    19 |   115 |    66 ||   200

Table legend: (Time is in decaauts)
 A = Elapsed time spent in this place.
 B = Non-inter-level travel time spent in this place.
 C = Inter-level travel time spent in this place.
 D = Time resting spent in this place.
 E = Time spent auto-exploring this place.
 F = Levels seen in this place.
 G = Mean time per level.
                   A        B        C        D        E       F      G
               +--------+--------+--------+--------+--------+-----+--------+
         Total |   6967 |   6756 |    211 |   1298 |   4127 |   7 |  995.3 |
       Dungeon |   5823 |   5612 |    211 |   1002 |   3601 |   6 |  970.5 |
         Sewer |   1143 |   1143 |      0 |    296 |    526 |   1 | 1143.0 |
               +--------+--------+--------+--------+--------+-----+--------+

Top non-repeatable levels by time:
     D:3: 1403 daAuts
     D:5: 1250 daAuts
     D:4: 1194 daAuts
   Sewer: 1143 daAuts
     D:1: 837 daAuts
     D:2: 814 daAuts
     D:6: 323 daAuts
